AoeStats
← Rayz

African Clearing

510526585Analyzed
4v4 RM · 8h ago on Oct 1, 2026· 45m 28s· 8 players
Game mode
Random Map
Map size
Large (8 player)
Population
200
Speed
Normal
Resources
Standard
Victory
Conquest
Starting age
Dark Age
Ending age
Imperial Age
RankedLock teamsTeams togetherTeam positionsShared explorationLock speedFull tech treeHidden civsTurbo modeCheats
Victory
Defeat
🇨🇳 Varangians · China
1931
+18
🇨🇳 Huns · China
1843
+21
🇯🇵 Mongols · Japan
1837
+21
🇹🇼 Saxons · Taiwan
1777
+23
🇹🇼 Cumans · Taiwan
2073
-25
🇹🇼 Tupi · Taiwan
1990
-22
🇹🇼 Mongols · Taiwan
1916
-19
🇹🇼 Saxons · Taiwan
1862
-17
合川狗大高手
13:53 Loom
15:38 Feudal Age
16:42 Double-Bit Axe
16:46 Fishing Lines
19:32 Castle Age
18:32 Scale Barding Armor
19:19 Bloodlines
19:37 Light Cavalry
20:48 Horse Collar
23:44 Heavy Plow
24:26 Wheelbarrow
25:35 Husbandry
26:12 Chain Barding Armor
26:42 Gold Mining
29:21 Hand Cart
28:54 Town Watch
33:25 Stone Mining
36:47 Imperial Age
34:30 Forging
37:03 Iron Casting
36:33 Vendel Legacy
36:52 Cavalier
38:13 Plate Barding Armor
37:29 Hussar
38:31 Conscription
39:15 Crop Rotation
38:58 Bow Saw
40:09 Blast Furnace
39:33 Ballistics
42:52 Coinage
44:04 Banking
46:42 Two-Man Saw
NeeNee
10:35 Loom
12:44 Feudal Age
16:47 Castle Age
15:00 Double-Bit Axe
15:29 Fishing Lines
16:29 Horse Collar
16:40 Fletching
18:56 Wheelbarrow
22:24 Bodkin Arrow
23:27 Padded Archer Armor
23:41 Bow Saw
25:27 Heavy Plow
29:14 Leather Archer Armor
31:09 Bloodlines
31:45 Gold Mining
32:29 Ballistics
33:58 Hand Cart
33:29 Town Watch
37:33 Imperial Age
35:16 Stone Mining
36:10 Gold Shaft Mining
36:20 Gillnets
37:09 Husbandry
37:49 Stone Shaft Mining
38:41 Conscription
38:22 Bracer
39:23 Chemistry
39:11 Elite Mangudai
40:25 Parthian Tactics
40:31 Masonry
40:35 Nomads
41:15 Thumb Ring
42:41 Hoardings
42:44 Onager
43:51 Drill
肱二头肌
13:49 Feudal Age
14:35 Double-Bit Axe
17:37 Castle Age
15:35 Horse Collar
15:41 Loom
16:34 Fletching
18:28 Bodkin Arrow
25:52 Ballistics
25:39 Town Watch
26:23 Husbandry
27:59 Bloodlines
28:11 Padded Archer Armor
30:43 Wheelbarrow
31:27 Leather Archer Armor
31:35 Thumb Ring
38:02 Imperial Age
36:19 Bow Saw
36:10 Heavy Plow
36:48 Hand Cart
39:02 Bracer
39:34 Parthian Tactics
39:03 Elite Skirmisher
41:41 Heavy Cavalry Archer
43:50 Chemistry
43:48 Cavalier
45:01 Scale Barding Armor
45:08 Forging
45:07 Paladin
46:09 Chain Barding Armor
aazz
4:19 Loom
13:42 Feudal Age
14:41 Double-Bit Axe
17:23 Castle Age
17:24 Town Watch
17:32 Fletching
17:43 Crossbowman
18:42 Bow Saw
34:35 Wheelbarrow
39:00 Gold Mining
39:02 Stone Mining
39:41 Horse Collar
41:37 Fortified Wall
41:38 Masonry
42:03 Heavy Plow
45:58 Imperial Age
44:58 Hand Cart
45:36 Squires
45:59 Scale Mail Armor
46:10 Forging
[LuB]夢夢
6:02 Loom
12:37 Feudal Age
12:52 Feudal Age
14:23 Double-Bit Axe
17:10 Castle Age
17:46 Fletching
18:38 Bow Saw
21:09 Bodkin Arrow
24:02 Padded Archer Armor
26:41 Gold Mining
26:32 Horse Collar
30:18 Wheelbarrow
31:19 Stone Mining
33:01 Ballistics
34:01 Town Watch
38:33 Imperial Age
37:02 Leather Archer Armor
38:08 Heavy Plow
38:25 Hand Cart
39:16 Bracer
40:17 Chemistry
39:28 Curare
40:22 Conscription
40:33 Hand Cart
40:38 Treadmill Crane
42:31 Murder Holes
43:43 Elite Blackwood Archer
43:54 Capped Ram
44:49 Siege Ram
The72
11:03 Loom
12:49 Feudal Age
17:04 Castle Age
14:57 Double-Bit Axe
16:26 Bloodlines
21:49 Wheelbarrow
Rayz
10:45 Feudal Age
11:16 Double-Bit Axe
13:16 Loom
14:35 Horse Collar
22:32 Castle Age
20:55 Fletching
25:49 Scale Barding Armor
DemonSheep
4:08 Loom
13:51 Feudal Age
17:52 Castle Age
16:38 Double-Bit Axe
16:51 Horse Collar
17:45 Fishing Lines
17:57 Fletching
19:19 Bow Saw
20:04 Bodkin Arrow
22:16 Wheelbarrow
22:54 Padded Archer Armor
25:33 Husbandry
25:44 Bloodlines
28:03 Ballistics
28:37 Hand Cart
30:13 Town Watch
34:14 Imperial Age
32:10 Scale Mail Armor
32:20 Treadmill Crane
32:53 Fortified Wall
32:34 Guard Tower
32:20 Pikeman
33:01 Squires
33:29 Gold Mining
33:38 Stone Mining
34:33 Scale Barding Armor
34:43 Chain Mail Armor
34:40 Forging
34:18 Gambesons
34:59 Heavy Plow
34:59 Halberdier
36:25 Plate Mail Armor
36:05 Forging
37:59 Conscription
38:02 Clerical Recruitment
39:51 Iron Casting
39:21 Bracer
39:57 Iron Casting
40:24 Chemistry
39:30 Siege Engineers
42:17 Shield Wall
42:42 Elite Varangian Guard
43:30 Arson
Connection lost

Rejoining the realm…

Still unreachable

The connection could not be restored.

Session expired

The server has moved on; the page needs a fresh start.